 Dungeon Crawl Stone Soup version 0.31-a0-1-g4198be8 (webtiles) character file.

Game seed: 2242620772171079818

8920 Nithhogg the Fighter (level 11, -10/106 HPs)
             Began as a Hill Orc Fighter on May 1, 2023.
             Was a Believer of the Shining One.
             Mangled by Snorg (14 damage)
             ... on level 10 of the Dungeon.
             The game lasted 00:35:50 (13835 turns).

Nithhogg the Fighter (Hill Orc Fighter)            Turns: 13835, Time: 00:35:51

Health: -10/106    AC: 12    Str: 24    XL:     11   Next: 38%
Magic:  16/19      EV: 10    Int:  8    God:    the Shining One [**....]
Gold:   992        SH: 10    Dex: 16    Spells: 10/10 levels left

rFire   . . .        h - +3 morningstar
rCold   + . .        (no shield)
rNeg    + . .        b - +0 scale mail
rPois   .            (no helmet)
rElec   .            z - +2 cloak
rCorr   .            (no gloves)
SInv    .            (no boots)
Will    .....        l - amulet of faith Stlth
                     p - ring of protection from cold
HPRegen 0.37/turn    q - +6 ring of dexterity
MPRegen 0.16/turn

%: faith
@: divinely shielded, glowing, studying Fighting
A: no striking features
a: Renounce Religion, Divine Shield


You were on level 10 of the Dungeon.
You worshipped the Shining One.
The Shining One was pleased with you.
You visited 3 branches of the dungeon, and saw 13 of its levels.

You collected 992 gold pieces.

Inventory:

Hand Weapons
 a - a +1 war axe
 h - a +3 morningstar (weapon)
 i - a +1 war axe of distortion
 o - a +3 scimitar of flaming
Missiles
 x - a throwing net (quivered)
Armour
 b - a +0 scale mail (worn)
 c - a +0 buckler
 z - a +2 cloak (worn)
Jewellery
 l - an amulet of faith (around neck)
 n - a ring of magical power
 p - a ring of protection from cold (left hand)
 q - a +6 ring of dexterity (right hand)
 y - a +6 ring of intelligence
Wands
 f - a wand of digging (3)
 C - a wand of flame (6)
Scrolls
 e - 3 scrolls of magic mapping
 t - a scroll of fear
 u - a scroll of fog
 v - 2 scrolls of amnesia
 w - a scroll of blinking
 A - a scroll of immolation
Potions
 d - a potion of might
 g - a potion of curing
 j - 2 potions of attraction
 k - 3 potions of brilliance
 m - a potion of mutation
 r - a potion of flight {unknown}
 s - a potion of degeneration


   Skills:
 + Level 12.8 Fighting
 + Level 11.7 Axes
 + Level 10.1 Armour
 - Level 3.5 Shields
 + Level 11.2 Invocations


You had 10 spell levels left.
You didn't know any spells.
Your spell library contained the following spells:

 Spells                   Type           Power      Damage    Failure   Level
 Beastly Appendage        Tmut           0%         N/A       65%         1
 Scorch                   Fire           0%         2d5       80%         2
 Wereblood                Tmut           0%         N/A       80%         2
 Spider Form              Tmut/Pois      0%         N/A       95%         3
 Stone Arrow              Conj/Erth      0%         3d7       95%         3
 Animate Armour           Summ/Erth      0%         N/A       100%        4
 Flame Wave               Conj/Fire      0%         2d4       100%        4
 Petrify                  Tmut/Erth      0%         N/A       100%        4
 Starburst                Conj/Fire      0%         6d3       100%        6
 Summon Cactus Giant      Summ           0%         N/A       100%        6
 Lehudib's Crystal Spear  Conj/Erth      0%         10d2      100%        8


Dungeon Overview and Level Annotations

Branches:
Dungeon (10/15)            Temple (1/1) D:5            Lair (0/5) D:10
    Orc (2/2) D:9
    Elf: Orc:2

Altars:
Ashenzari
Cheibriados
Dithmenos
Elyvilon
Fedhas
Gozag
Hepliaklqana
Kikubaaqudgha
Makhleb
Nemelex Xobeh
Okawaru
Qazlal
Ru
Trog
Uskayaw
Vehumet
Wu Jian
Xom
Yredelemnul
Zin
The Shining One
Beogh
Lugonu

Shops:
D:4 *

Portals:
Abyss: D:4

Annotations:
D:6 exclusion: oklob plant
D:9 3 runed translucent doors
D:10 Snorg
Orc:2 Saint Roka


Message History

You can no longer channel blasts of cleansing flame.
The boulder beetle leaps!
You are too injured to fight recklessly!
You hit the boulder beetle.
The boulder beetle is almost dead.
You block the boulder beetle's attack.
You hit the boulder beetle.
The boulder beetle is almost dead.
The boulder beetle leaps!
You thump the boulder beetle!
You kill the boulder beetle!
You start resting.
A howler monkey comes into view.
The howler monkey howls!
The howler monkey hits you but does no damage.
You puncture the howler monkey!
The howler monkey is heavily wounded.
You block the howler monkey's attack.
The howler monkey hoots and howls with incredible vigour!
You hear a shout!
You bludgeon the howler monkey!!
You kill the howler monkey!
Snorg the Insatiable comes into view.
You can now channel blasts of cleansing flame.
Press: ? - help, . - travel You can't see that place.
Press: ? - help, v - describe, . - travel
Here: Snorg (haloed)
The floor.
Snorg goes berserk!
Snorg attacks as you move away! You block Snorg's attack. Snorg claws you!
* * * LOW HITPOINT WARNING * * *
You block Snorg's attack.
Your divine shield is renewed.
You can no longer channel blasts of cleansing flame.
Snorg closely misses you. You block Snorg's attack. Snorg closely misses you.
Snorg bites you.
* * * LOW HITPOINT WARNING * * *
Snorg claws you but does no damage. Snorg claws you!
You die...

#####.###.####.#
......†##.####.#####
#####..##.##.......#
#............#.###.#
.......##.####.# #.#
#.......#......# #.#
.......######### #.#
#####.## ######.####
#.# #..T@.....# #.#
#.#####...# #'# #.#
#...# #.# #...# #.#
#...# #.# #...# #..
....# ... ###.# #...
.#


You could see Snorg (berserk).

Vanquished Creatures
  A boulder beetle (D:10)
  Erica (D:9)
  A cyclops (D:8)
  A kobold demonologist (D:10)
  A komodo dragon (D:10)
  A wyvern (D:9)
  13 yaks
  Menkaure (D:4)
  A warg (D:9)
  A water moccasin (D:7)
  9 orc warriors
  4 ogres
  4 centaurs
  3 phantoms
  5 kobold brigands
  6 scorpions
  7 bullfrogs
  5 wights (D:8)
  6 killer bees
  A howler monkey (D:10)
  3 jellies
  8 orc priests
  3 hounds
  An iguana (D:5)
  A sleepcap (D:5)
  Ijyb (D:4)
  9 orc wizards
  A mummy (D:3)
  4 gnolls
  7 adders
  A shadow imp (D:7)
  A white imp (D:7)
  2 ufetubi (D:7)
  2 worms (D:5)
  4 dart slugs
  49 orcs
  4 ball pythons
  9 endoplasms
  7 giant cockroaches
  11 goblins
  21 hobgoblins
  4 jackals
  4 quokkas
  7 bats
  3 frilled lizards (D:1)
  21 kobolds
  7 rats
267 creatures vanquished.

Vanquished Creatures (others)
  A wight (D:8)
  2 orcs (D:8)
  16 plants
19 creatures vanquished.

Grand Total: 286 creatures vanquished

Notes
Turn   | Place    | Note
-------+----------+-------------------------------------------
     0 | D:1      | Nithhogg the Hill Orc Fighter began the quest for the Orb.
     0 | D:1      | Reached XP level 1. HP: 19/19 MP: 1/1
    37 | D:1      | Reached XP level 2. HP: 25/27 MP: 2/2
    72 | D:1      | Reached skill level 4 in Fighting
   234 | D:1      | Reached XP level 3. HP: 33/33 MP: 3/3
   806 | D:2      | Reached skill level 1 in Invocations
  1074 | D:2      | You fall into a shaft and drop 2 floors!
  1077 | D:4      | Found a large runed translucent door.
  1077 | D:4      | Found a large runed translucent door.
  1130 | D:4      | Found Ea-nāṣir's Fine Metal Goods.
  1217 | D:2      | Reached XP level 4. HP: 40/40 MP: 5/5
  1902 | D:3      | Found a faded altar of an unknown god.
  2041 | D:3      | Reached XP level 5. HP: 39/47 MP: 6/6
  2434 | D:3      | Found a snail-covered altar of Cheibriados.
  2633 | D:4      | Noticed a phantom
  2644 | D:4      | Killed a phantom
  2681 | D:4      | Reached skill level 5 in Fighting
  2681 | D:4      | Reached XP level 6. HP: 46/56 MP: 8/8
  2816 | D:4      | Noticed Menkaure
  2829 | D:4      | Found a corrupted altar of Lugonu.
  2987 | D:4      | Found a one-way gate to the infinite horrors of the Abyss.
  3093 | D:4      | Reached skill level 5 in Axes
  3167 | D:4      | Killed Menkaure
  3168 | D:4      | Reached skill level 5 in Armour
  3168 | D:4      | Reached XP level 7. HP: 5/61 MP: 8/10
  3681 | D:4      | Noticed Ijyb
  3693 | D:4      | Killed Ijyb
  4099 | D:5      | Entered Level 5 of the Dungeon
  4202 | D:5      | Reached skill level 6 in Fighting
  4324 | D:5      | HP: 3/63 [acid (9)]
  4329 | D:5      | Found a staircase to the Ecumenical Temple.
  4335 | Temple   | Entered the Ecumenical Temple
  4537 | D:5      | Reached skill level 5 in Invocations
  4652 | Temple   | Became a worshipper of Elyvilon the Healer
  4735 | D:5      | Reached XP level 8. HP: 60/71 MP: 10/12
  5643 | D:6      | Reached skill level 7 in Fighting
  5688 | D:6      | Reached * piety under Elyvilon
  5905 | D:6      | Reached XP level 9. HP: 60/79 MP: 14/14
  5990 | D:6      | Found a blossoming altar of Fedhas.
  6001 | D:6      | Noticed an oklob plant
  6199 | D:6      | Found a sparkling altar of Nemelex Xobeh.
  6263 | D:6      | Reached ** piety under Elyvilon
  6553 | D:7      | HP: 4/80 [poisoned by a water moccasin]
  6557 | D:7      | HP: 1/80 [poisoned by a water moccasin]
  7260 | D:7      | Noticed a two-headed ogre
  7841 | D:8      | Reached *** piety under Elyvilon
  8014 | D:8      | Reached skill level 8 in Fighting
  8539 | D:8      | Noticed a cyclops
  8901 | D:8      | Killed a cyclops
  9044 | D:8      | Reached **** piety under Elyvilon
  9112 | D:8      | Found a stormy altar of Qazlal.
  9116 | D:8      | Found a basalt altar of Yredelemnul.
  9119 | D:8      | Found a glowing golden altar of the Shining One.
  9119 | D:8      | Found a glowing silver altar of Zin.
  9126 | D:8      | Found a radiant altar of Vehumet.
  9130 | D:8      | Fell from the grace of Elyvilon
  9130 | D:8      | Became a worshipper of the Shining One
  9130 | D:8      | Reached * piety under the Shining One
  9130 | D:8      | Reached ** piety under the Shining One
  9275 | D:9      | Reached skill level 9 in Fighting
  9275 | D:9      | Reached XP level 10. HP: 67/91 MP: 16/16
  9955 | D:9      | Reached skill level 10 in Fighting
  9955 | D:9      | Reached skill level 10 in Axes
 10218 | D:9      | Found a staircase to the Orcish Mines.
 10316 | D:9      | Found a roughly hewn altar of Beogh.
 10887 | D:9      | Found a runed translucent gate.
 10887 | D:9      | Found a runed translucent gate.
 10887 | D:9      | Noticed a purple ugly thing
 10888 | D:9      | Found a runed translucent gate.
 10888 | D:9      | Noticed a white ugly thing
 10888 | D:9      | Noticed a cyan ugly thing
 10889 | D:9      | Noticed a glowing orange brain
 10890 | D:9      | Noticed a purple ugly thing
 10891 | D:9      | Noticed a quicksilver ooze
 10964 | D:9      | Noticed a skyshark
 10964 | D:9      | a skyshark changed into a water nymph
 10964 | D:9      | Noticed a water nymph (glowing shapeshifter)
 11083 | D:9      | Noticed Erica
 11092 | D:9      | Killed Erica
 11581 | D:9      | a blink frog changed into a cane toad
 11581 | D:9      | Noticed a cane toad (glowing shapeshifter)
 11583 | D:9      | a cane toad changed into a fire crab
 11583 | D:9      | Noticed a fire crab (glowing shapeshifter)
 11636 | D:10     | Entered Level 10 of the Dungeon
 11642 | D:10     | Reached skill level 11 in Fighting
 11642 | D:10     | Reached skill level 10 in Invocations
 11697 | D:10     | Found a staircase to the Lair.
 11698 | D:10     | Noticed a boulder beetle
 11703 | D:10     | Noticed a kobold demonologist
 11782 | D:10     | Got the Compilation of the Valley and the Sun
 11850 | D:10     | Killed a kobold demonologist
 12000 | D:10     | The Shining One protects you from harm!
 12471 | Orc:1    | Entered Level 1 of the Orcish Mines
 12521 | Orc:1    | Reached XP level 11. HP: 65/104 MP: 18/18
 12658 | Orc:1    | Found a burning altar of Makhleb.
 12681 | Orc:1    | Reached *** piety under the Shining One
 12833 | Orc:2    | Entered Level 2 of the Orcish Mines
 12833 | Orc:2    | Noticed an orc knight
 12846 | Orc:1    | HP: 2/104 [orc warrior/+0 hand axe (4)]
 12847 | Orc:1    | The Shining One protects you from harm!
 12862 | Orc:1    | Reached skill level 12 in Fighting
 13219 | Orc:2    | Noticed an orc knight
 13219 | Orc:2    | Noticed an orc high priest
 13219 | Orc:2    | Noticed Saint Roka
 13587 | D:10     | Reached skill level 10 in Armour
 13810 | D:10     | HP: 5/105 [boulder beetle (39)]
 13815 | D:10     | Killed a boulder beetle
 13828 | D:10     | Noticed Snorg
 13834 | D:10     | HP: 5/106 [Snorg (9)]
 13835 | D:10     | Mangled by Snorg

Illustrated notes

Levels and vault maps discovered:
D:1:      psy_arrival_radial01, layout_loops_ring,
          chequers_serial_rivers_micro_c, minmay_pentomino_r4
D:2:      layout_loops_corners, kennysheep_generic_room_7
D:3:      layout_basic, slow_altar_2, hellmonk_ecumenical_altar_slurped_away
D:4:      due_chaos_kobolds, layout_loops_corners,
          nicolae_ea-nasir_strikes_again, minmay_cut_off, uniq_menkaure,
          uniq_ijyb
D:5:      layout_loops_cross, minmay_temple_entry_hall
D:6:      layout_cave_pools, tgw_fedhas, nemelex_diamond_rough_becter
D:7:      corexii_shantytown, layout_basic
D:8:      layout_loops_cross, nicolae_overflow_hallway_of_the_gods,
          minmay_holes, minmay_manual_moon
D:9:      layout_roguey, minmay_orc_entry_temple_small,
          ploomutoo_gammafunk_ghost_potion_laboratory, uniq_erica
D:10:     layout_loops_corners, mainiacjoe_overflow_alcove_2,
          david_lair_shrubbed, st_stairs_8, uniq_maurice, uniq_snorg
Temple:   nicolae_temple_god_jail
Orc:1:    layout_diamond_mine, basic_altar
Orc:2:    grunt_orc_cross, layout_caves, nicolae_volcano_entry_s_turn,
          gammafunk_ghost_arena, serial_shops, nicolae_shop_back_alley_shop

Skill      XL: |  1  2  3  4  5  6  7  8  9 10 11 |
---------------+----------------------------------+-----
Axes           | 3 4 5 6 7 9 11 | 11.7
Fighting       | 4 5 6 7 9 11 12 | 12.8
Invocations    | 1 2 3 4 5 6 8 10 11 | 11.2
Armour         | 4 5 6 8 9 10 | 10.1
Shields        | |  3.5

Action                     |  1- 3 |  4- 6 |  7- 9 | 10-12 || total
---------------------------+-------+-------+-------+-------++-------
  Melee: War axe           |    97 |   136 |   317 |       ||   550
         Punch             |       |       |     5 |     1 ||     6
         Morningstar       |       |       |    53 |   261 ||   314
 Invoke: Divine Shield     |       |       |       |     5 ||     5
         Cleansing Flame   |       |       |       |     1 ||     1
    Use: Scroll            |       |     8 |    14 |     5 ||    27
         Potion            |       |       |     8 |     8 ||    16
   Stab: Invisible         |       |       |     1 |       ||     1
 Armour: Scale mail        |    46 |    68 |   171 |   131 ||   416
         Skin              |       |       |       |    47 ||    47
  Dodge: Dodged            |    48 |    75 |   208 |   202 ||   533
  Block: Buckler           |    21 |     1 |       |       ||    22
         Other             |       |       |       |    12 ||    12

Table legend: (Time is in decaauts)
 A = Elapsed time spent in this place.
 B = Non-inter-level travel time spent in this place.
 C = Inter-level travel time spent in this place.
 D = Time resting spent in this place.
 E = Time spent auto-exploring this place.
 F = Levels seen in this place.
 G = Mean time per level.
                   A        B        C        D        E       F      G
               +--------+--------+--------+--------+--------+-----+--------+
         Total |  14028 |  13557 |    471 |   3318 |   8011 |  13 | 1079.1 |
       Dungeon |  12968 |  12552 |    416 |   2925 |   7505 |  10 | 1296.8 |
        Temple |    319 |    279 |     40 |    188 |     78 |   1 |  319.0 |
  Orcish Mines |    741 |    727 |     14 |    205 |    428 |   2 |  370.5 |
               +--------+--------+--------+--------+--------+-----+--------+

Top non-repeatable levels by time:
     D:9: 2075 daAuts
     D:8: 1697 daAuts
     D:7: 1680 daAuts
     D:4: 1641 daAuts
    D:10: 1247 daAuts
     D:5: 1216 daAuts
     D:2: 971 daAuts
     D:6: 866 daAuts
     D:1: 803 daAuts
     D:3: 768 daAuts
   Orc:1: 733 daAuts
  Temple: 319 daAuts
   Orc:2: 8 daAuts
